 Dungeon Crawl Stone Soup version 0.24-a0-537-g2d01d4ab0a (webtiles) character file.

Game seed: 10700079742245643195

2606 Chiseanne the Thaumaturge (level 9, -9/39 HPs)
             Began as a Spriggan Wizard on Aug 13, 2019.
             Was an Initiate of Vehumet.
             Killed from afar by a tengu conjurer (28 damage)
             ... with a lance of force
             ... on level 8 of the Dungeon.
             The game lasted 00:37:45 (7674 turns).

Chiseanne the Thaumaturge (Spriggan Wizard)         Turns: 7674, Time: 00:37:46

Health: -9/39      AC:  4    Str:  6    XL:     9   Next: 33%
Magic:  15/33      EV: 19    Int: 25    God:    Vehumet [......]
Gold:   218        SH:  0    Dex: 12    Spells: 12/29 levels left

rFire    . . .     SeeInvis +   E - +2 dagger "Tynt" {chaos, MP+9 Str+3 Dex-2 Stlth+}
rCold    + . .     Gourm    .   (shield restricted)
rNeg     . . .     Faith    .   D - +1 robe {rC+}
rPois    .         Spirit   .   b - +0 hat
rElec    .         Reflect  .   i - +0 cloak
rCorr    .         Harm     .   (gloves unavailable)
MR       +....                  (boots unavailable)
Stlth    ++++......             v - amulet of regeneration
HPRegen  0.53/turn              r - +2 ring of intelligence
MPRegen  0.23/turn              (no ring)

@: lethally poisoned (-9 -> -9), about to teleport, very quick
A: very small, unfitting armour, see invisible, herbivore, speed 3, slow
metabolism 2
a: Renounce Religion


You were on level 8 of the Dungeon.
You worshipped Vehumet.
Vehumet was noncommittal.
You were not hungry.

You visited 2 branches of the dungeon, and saw 9 of its levels.

You collected 302 gold pieces.
You spent 84 gold pieces at shops.

Inventory:

Hand Weapons
 a - a +1 short sword of venom
 j - a +3 rapier
 s - a +4 quarterstaff of chaos
 w - a +1 hunting sling of velocity
 E - the +2 dagger "Tynt" (weapon) {chaos, MP+9 Str+3 Dex-2 Stlth+}
   (You found it on level 4 of the Dungeon)

   Each time it hits an enemy it has a different, random effect.
   It affects your strength (+3).
   It affects your dexterity (-2).
   It affects your magic capacity (+9).
   It makes you more stealthy.
Missiles
 g - 39 poisoned darts (quivered)
 l - 6 boomerangs
 u - 26 arrows
 x - 54 bolts
Armour
 b - a +0 hat (worn)
 i - a +0 cloak (worn)
 D - a +1 robe of cold resistance (worn)
Jewellery
 r - a +2 ring of intelligence (left hand)
 v - an amulet of regeneration (around neck)
 C - an uncursed amulet of guardian spirit {unknown}
Wands
 k - a wand of polymorph (13)
 m - a wand of iceblast (6)
Scrolls
 c - 4 scrolls of teleportation
 h - a scroll of remove curse
 y - 2 scrolls of immolation
Potions
 e - 2 potions of lignification
 f - a potion of degeneration {unknown}
 n - a potion of magic {unknown}
 o - 3 potions of heal wounds
 p - a potion of might {unknown}
 q - 3 potions of invisibility
 t - a potion of berserk rage {unknown}
 z - a potion of agility {unknown}
 A - 2 potions of flight
 B - 2 potions of mutation {unknown}
 F - a potion of resistance {unknown}
Comestibles
 d - 10 rations


   Skills:
 - Level 5.0 Dodging
 - Level 5.4 Stealth
 * Level 10.9 Spellcasting
 * Level 6.5 Conjurations
   Level 0.7 Summonings
 - Level 1.5 Translocations


You had 12 spell levels left.
You knew the following spells:

 Your Spells              Type           Power        Failure   Level  Hunger
a - Magic Dart            Conj           ####         1%          1    None
b - Blink                 Tloc           N/A          3%          2    None
c - Conjure Flame         Conj/Fire      ####....     3%          3    None
d - Mephitic Cloud        Conj/Pois/Air  ###.....     5%          3    None
e - Iskenderun's Mystic   Conj           #####...     3%          4    None
f - Force Lance           Conj/Tloc      ####....     9%          4    None

Your spell library contained the following spells:

 Spells                   Type           Power        Failure   Level  Hunger
 Searing Ray              Conj           #####.       1%          2    None
 Dazzling Spray           Conj/Hex       ####..       3%          3    None
 Call Imp                 Summ           ###.....     4%          2    None
 Slow                     Hex            ##......     7%          2    None
 Fulminant Prism          Conj/Hex       ####......   12%         4    None


Dungeon Overview and Level Annotations

Branches:
Dungeon (8/15)             Temple (1/1) D:4
   Lair: D:8-11

Altars:
Ashenzari
Cheibriados
Dithmenos
Elyvilon
Fedhas
Hepliaklqana
Kikubaaqudgha
Makhleb
Nemelex Xobeh
Okawaru
Qazlal
Ru
Trog
Uskayaw
Vehumet
Wu Jian
Xom
Yredelemnul
Zin

Shops:
D:7 =


Innate Abilities, Weirdness & Mutations

You are very small and have problems with some larger weapons.
You are too small for most types of armour.
You have supernaturally acute eyesight. (SInv)
You are a herbivore.
You cover ground extremely quickly.
You need to consume almost no food.


Message History

An orc and a tengu conjurer come into view.
The hippogriff is engulfed in noxious fumes.
The tengu conjurer gestures at you while chanting.
The bolt of poison hits you!
You are poisoned.
As you read the scroll of teleportation, it crumbles to dust.
You feel strangely unstable.
You feel sick. The tengu conjurer barely misses you.
The tengu conjurer pecks you. The tengu conjurer barely misses you.
The tengu conjurer points at you and mumbles some strange words.
The ball explodes into a vile cloud!
The stinking cloud engulfs the tengu conjurer but does no damage.
The stinking cloud engulfs you but does no damage.
You hear a shout!
You feel sick. The orc barely misses you.
You feel sick.
The tengu conjurer gestures at you while chanting.
The lance of force hits you!!
Ouch! That really hurt!
You die...

#.......# ..
#.......# ...
#.......####..#
#####........#
+.°.....#
#[......#
#......##
#..<...#
##..H.@#
#...o.##
#......##
#○.☼Q.o.#
#○☼.........
#.°.......##
#.........#
..........#
..####+#####


You could see a hippogriff, a tengu conjurer and 2 orcs.

Vanquished Creatures
  A golden eye (D:7)
  Duvessa (D:7)
  A swamp drake (D:4)
  4 orc warriors (D:6)
  A sky beast (D:5)
  2 phantoms (D:6)
  An ogre (D:6)
  3 bullfrogs
  Dowan (D:7)
  2 scorpions
  5 killer bees
  2 howler monkeys
  A crimson imp (D:5)
  3 hounds (D:6)
  7 orc priests
  A bullfrog zombie (D:7)
  2 orc wizards
  A quasit (D:5)
  Crazy Yiuf (D:4)
  A gnoll shaman (D:6)
  An iguana (D:7)
  5 worker ants
  A hound zombie (D:7)
  7 gnolls
  8 adders
  A shadow imp (D:6)
  2 oozes (D:3)
  2 adder zombies (D:6)
  A worm (D:2)
  3 dart slugs
  6 leopard geckos
  23 orcs
  7 bats
  A giant cockroach (D:2)
  4 goblins
  3 hobgoblins
  2 jackals (D:2)
  4 kobolds
  2 quokkas
  4 frilled lizards
  6 rats
134 creatures vanquished.

Vanquished Creatures (others)
  A worker ant (D:6)
1 creature vanquished.

Grand Total: 135 creatures vanquished

Notes
Turn   | Place    | Note
-------+----------+-------------------------------------------
     0 | D:1      | Chiseanne the Spriggan Wizard began the quest for the Orb.
     0 | D:1      | Reached XP level 1. HP: 9/9 MP: 6/6
   262 | D:2      | Reached skill level 1 in Conjurations
   358 | D:2      | Reached XP level 2. HP: 13/13 MP: 4/8
  1271 | D:3      | Reached XP level 3. HP: 16/16 MP: 2/10
  2146 | D:2      | Reached XP level 4. HP: 21/21 MP: 6/11
  2494 | D:4      | Learned a level 2 spell: Blink
  2498 | D:4      | Learned a level 3 spell: Conjure Flame
  2502 | D:4      | Learned a level 3 spell: Mephitic Cloud
  2502 | D:4      | Found a runed translucent door.
  2503 | D:4      | Noticed Crazy Yiuf
  2522 | D:4      | Killed Crazy Yiuf
  2522 | D:4      | Reached skill level 5 in Spellcasting
  2666 | D:5      | Entered Level 5 of the Dungeon
  2910 | D:4      | Reached XP level 5. HP: 24/24 MP: 0/13
  3232 | D:5      | Noticed a sky beast
  3373 | D:5      | Killed a sky beast
  3373 | D:5      | Reached XP level 6. HP: 28/28 MP: 4/15
  3458 | D:5      | Reached skill level 5 in Stealth
  3458 | D:5      | Reached skill level 6 in Spellcasting
  3609 | D:5      | Noticed Grinder
  3612 | D:5      | Noticed Grinder
  3612 | D:5      | Grinder changed into Grinder the quasit
  3617 | D:5      | Killed Grinder the quasit
  3865 | D:5      | Reached skill level 5 in Dodging
  4102 | D:4      | Noticed Blork the orc
  4379 | D:6      | Learned a level 4 spell: Iskenderun's Mystic Blast
  4384 | D:6      | Learned a level 4 spell: Force Lance
  4417 | D:6      | Reached XP level 7. HP: 14/32 MP: 9/18
  4598 | D:6      | Reached skill level 7 in Spellcasting
  4947 | D:6      | Reached skill level 8 in Spellcasting
  4983 | D:6      | Reached XP level 8. HP: 36/36 MP: 12/21
  5457 | D:6      | Found a white marble altar of Elyvilon.
  5707 | D:7      | Found Ymum's Jewellery Emporium.
  5730 | D:7      | Reached skill level 5 in Conjurations
  5734 | D:7      | Reached skill level 9 in Spellcasting
  6394 | D:7      | Reached skill level 10 in Spellcasting
  6575 | D:7      | Bought a cursed amulet of inaccuracy for 26 gold pieces
  6575 | D:7      | Bought a cursed ring of teleportation for 58 gold pieces
  6596 | D:8      | Reached XP level 9. HP: 20/39 MP: 24/24
  6657 | D:7      | Noticed Duvessa
  6660 | D:7      | Noticed Dowan
  6678 | D:7      | Killed Duvessa
  6681 | D:7      | Killed Dowan
  7113 | D:4      | Noticed Blork
  7113 | D:4      | Blork the orc changed into Blork the swamp drake
  7115 | D:4      | Killed Blork the swamp drake
  7205 | D:4      | Found a staircase to the Ecumenical Temple.
  7210 | D:4      | Got a crude dagger
  7218 | Temple   | Entered the Ecumenical Temple
  7296 | Temple   | Became a worshipper of Vehumet
  7308 | Temple   | Identified the cursed +2 dagger "Tynt" {chaos, MP+9 Str+3
                  | Dex-2 Stlth+} (You found it on level 4 of the Dungeon)
  7670 | D:8      | Noticed a tengu conjurer
  7670 | D:8      | Noticed a tengu conjurer
  7674 | D:8      | Killed from afar by a tengu conjurer

Levels and vault maps discovered:
D:1:      enne_arrival_octagon_isle, layout_loops_ring, kennysheep_crisscross,
          kennysheep_nondescript, minmay_misc_feat_roman, grunt_decor_one_mirror
D:2:      layout_loops_corners
D:3:      kb_forest_paths, layout_rooms, first_ration, minmay_box_of_dots
D:4:      layout_loops_corners, minmay_temple_entry_butterflies,
          minmay_circle_x, uniq_blork_the_orc, uniq_crazy_yiuf_cottage
D:5:      layout_cave_pods, uniq_grinder
D:6:      layout_layer_cave, old_standard_altar
D:7:      layout_cave_pools, serial_shops, shop, uniq_duvessa
D:8:      layout_gridville, gammafunk_temple_overflow_claw, serial_shops, shop,
          uniq_psyche
Temple:   hc_temple_tempest_star

Skill      XL: |  1  2  3  4  5  6  7  8  9 |
---------------+----------------------------+-----
Conjurations   | 1 2 3 4 5 6 |  6.5
Stealth        | 4 5 |  5.4
Spellcasting   | 5 6 8 10 | 10.9
Dodging        | 4 5 |  5.0
Summonings     | |  0.7
Translocations | |  1.5

Action                   |  1- 3 |  4- 6 |  7- 9 || total
-------------------------+-------+-------+-------++-------
Melee: Quarterstaff      |       |    14 |    13 ||    27
       Short sword       |       |     9 |       ||     9
       Spear             |       |    11 |    80 ||    91
       Dagger            |       |       |     3 ||     3
Throw: Dart              |     4 |    12 |       ||    16
 Cast: Magic Dart        |   130 |    90 |   170 ||   390
       Mephitic Cloud    |       |    14 |    29 ||    43
       Blink             |       |       |    10 ||    10
Evoke: Wand              |     1 |     5 |    10 ||    16
  Use: Scroll            |     7 |     2 |     4 ||    13
       Potion            |       |       |     4 ||     4
 Stab: Confused          |       |     4 |    14 ||    18
       Sleeping          |       |     1 |     3 ||     4
  Eat: Ration            |       |     3 |       ||     3
Armor: Robe              |     3 |     1 |     9 ||    13
Dodge: Dodged            |    65 |    35 |   195 ||   295

Table legend:
 A = Non-vault XP
 B = Vault XP
 C = Vault XP percentage of total XP
 D = Non-vault monster count
 E = Vault monster count
 F = Vault count percentage of total count
                 A         B        C        D         E       F
            +---------+---------+-------+---------+---------+-------
      Total |    3242 |     481 |  12.9 |     121 |      13 |   9.7
            +---------+---------+-------+---------+---------+-------
        D:1 |      16 |       0 |   0.0 |      10 |       0 |   0.0
        D:2 |      39 |       0 |   0.0 |      17 |       0 |   0.0
        D:3 |      37 |      19 |  33.9 |      12 |       5 |  29.4
        D:4 |     253 |     220 |  46.5 |      12 |       5 |  29.4
        D:5 |     357 |      42 |  10.5 |      11 |       1 |   8.3
        D:6 |    1843 |       0 |   0.0 |      44 |       0 |   0.0
        D:7 |     567 |     200 |  26.1 |      13 |       2 |  13.3
        D:8 |     130 |       0 |   0.0 |       2 |       0 |   0.0
            +---------+---------+-------+---------+---------+-------
